 Dungeon Crawl Stone Soup version 0.27-a0-1513-g2aaa0cc67b (webtiles) character file.

Game seed: 3623297268786465760

23817 robertstho the Thaumaturge (level 13, -11/81 HPs)
             Began as a Djinni Fire Elementalist on July 9, 2021.
             Was an Initiate of Gozag.
             Mangled by Snorg (14 damage)
             ... on level 10 of the Dungeon.
             The game lasted 00:28:06 (20408 turns).

robertstho the Thaumaturge (DjFE)                  Turns: 20408, Time: 00:28:08

Health: -11/81     AC: 23    Str:  7    XL:     13   Next: 38%
Gold:   160        EV: 11    Int: 29    God:    Gozag SH:  5 Dex: 13

rFire    + + .     SeeInvis .   m - +0 war axe (distort)
rCold    x . .     Faith    .   (no shield)
rNeg     . . .     Spirit   .   x - +6 ring mail of the Six Xeniums {rElec}
rPois    ∞         Reflect  +   N - +2 hat
rElec    +         Harm     .   h - +0 cloak
rCorr    .         Rampage  .   z - +2 pair of gloves
Will     +....                  (boots unavailable)
Stlth    ++........             X - amulet of reflection
HPRegen  0.23/turn              y - +4 ring of protection
MPRegen  0.00/turn              K - +6 ring of intelligence

@: flying
A: sickness immunity, fire resistance 2, cold vulnerability 1, float, innate
caster, hp casting, extra vitality 1
a: Renounce Religion, Potion Petition, Call Merchant, Bribe Branch


You were on level 10 of the Dungeon.
You worshipped Gozag.
Gozag was aware of your devotion.
You visited 3 branches of the dungeon, and saw 14 of its levels.
You also visited: Bailey.

You collected 2731 gold pieces.
You spent 1732 gold pieces at shops.
You paid 839 gold pieces to Gozag.

Inventory:

Hand Weapons
 m - a +0 war axe of distortion (weapon)
 O - a +3 scimitar of flaming
 P - the +6 war axe of Jeloimn {freeze, rElec rCorr}
   (You bought it in a shop on level 12 of the Dungeon)

   It has been specially enchanted to freeze those struck by it, causing extra
   injury to most foes and up to half again as much damage against particularly
   susceptible opponents.
   It can also slow down cold-blooded creatures.
   rElec:     It insulates you from electricity.
   rCorr:     It protects you from acid and corrosion.
Missiles
 i - 4 atropa-tipped darts
 R - 2 curare-tipped darts
Armour
 h - a +0 cloak (worn)
 x - the +6 ring mail of the Six Xeniums (worn) {rElec}
   (You found it on level 5 of the Dungeon)

   rElec:     It insulates you from electricity.
 z - a +2 pair of gloves (worn)
 N - a +2 hat (worn)
 V - a +1 robe of cold resistance
 W - a +2 robe of fire resistance
Jewellery
 g - a +4 ring of evasion
 v - an amulet of the acrobat
 y - a +4 ring of protection (left hand)
 K - a +6 ring of intelligence (right hand)
 L - a ring of ice
 M - a ring of willpower
 S - a +4 ring of evasion
 U - a ring of ice
 X - an amulet of reflection (around neck)
Wands
 p - a wand of iceblast (8)
 s - a wand of acid (20)
 w - a wand of mindburst (13)
Scrolls
 a - 2 scrolls of amnesia {unknown}
 b - 4 scrolls of enchant weapon
 j - 2 scrolls of silence
 o - 2 scrolls of immolation {unknown}
 q - 2 scrolls of summoning {unknown}
 r - 2 scrolls of acquirement {unknown}
 t - 6 scrolls of enchant armour {unknown}
 u - 4 scrolls of teleportation
 A - a scroll of magic mapping
 B - 2 scrolls of fear
 D - 3 scrolls of fog
 T - a scroll of blinking
Potions
 c - 5 potions of haste
 d - 4 potions of heal wounds
 e - 2 potions of might {unknown}
 k - a potion of cancellation {unknown}
 l - 3 potions of ambrosia
 n - 8 potions of curing
 C - 2 potions of attraction
 E - 5 potions of brilliance
 F - 4 potions of mutation
 G - a potion of magic {unknown}
 H - a potion of berserk rage
 I - 3 potions of invisibility
Miscellaneous
 f - a condenser vane
 J - a lightning rod (4/4)
 Z - a tin of tremorstones (2/2)


   Skills:
 + Level 3.3 Fighting
 + Level 2.5 Axes
 + Level 8.5 Armour
 + Level 5.6 Dodging
 + Level 4.7 Stealth
 + Level 13.7 Spellcasting
 + Level 0.2 Evocations


You had 5 spell levels left.
You knew the following spells:

 Your Spells              Type           Power      Damage    Failure   Level
a - Foxfire               Conj/Fire      100%       2x1d9     1%          1
b - Conjure Flame         Conj/Fire      79%        6-21      1%          3
c - Inner Flame           Hex/Fire       79%        N/A       1%          3
d - Sticky Flame          Conj/Fire      79%        2d9       1%          4
e - Fireball              Conj/Fire      39%        3d16      1%          5
f - Animate Skeleton      Necr           100%       N/A       1%          1
g - Call Imp              Summ           79%        N/A       1%          2
h - Ignite Poison         Fire/Tmut/Pois 79%        N/A       1%          3
i - Confusing Touch       Hex            79%        N/A       1%          3
j - Animate Armour        Summ/Erth      100%       N/A       1%          4
k - Metabolic Englaciati  Hex/Ice        39%        N/A       1%          5
Your spell library was empty.

Dungeon Overview and Level Annotations

Branches:
Dungeon (12/15)            Temple (1/1) D:5            Lair (0/6) D:10
    Orc (1/2) D:10         Bailey (visited)

Altars:
Cheibriados
Dithmenos
Elyvilon
Fedhas
Gozag
Kikubaaqudgha
Nemelex Xobeh
Ru
Trog
Uskayaw
Vehumet
Wu Jian
Yredelemnul
The Shining One

Shops:
D:7 !   D:11 =   D:12 (*

Annotations:
D:10 Snorg
D:11 2 transporters, 3 runed translucent doors


Innate Abilities, Weirdness & Mutations

You are immune to sickness and miasma.
You are immune to poison.
Your flesh is very heat resistant. (rF++)
You are vulnerable to cold. (rC-)
You float through the air rather than walking.
You learn spells naturally, not from books.
Your magical power is your life essence.
You have superior vitality. (+4 HP)


Message History

Snorg is severely wounded.
Snorg is covered in liquid flames!
Snorg burns!
Snorg bites you but does no damage. Snorg closely misses you. Snorg misses you.
Snorg burns!
Snorg burns!
Snorg goes berserk!
Snorg burns!
Snorg burns!
Snorg burns!
Snorg closely misses you. x2; Snorg claws you!
Snorg burns!
Snorg burns!
Snorg misses you. Snorg claws you. x2
Snorg burns!
Snorg burns!
Snorg burns!
Snorg bites you but does no damage. Snorg claws you but does no damage.
Snorg claws you.
Casting: Sticky Flame (safe; 1% risk of failure)
Confirm with . or Enter, or press ? or * to list all spells.
You radiate an aura of cold.
Snorg seems to slow down.
* * * LOW HITPOINT WARNING * * *
Snorg burns!
Snorg stops burning.
Snorg bites you but does no damage. Snorg claws you but does no damage.
Snorg barely misses you.
Unknown command.
Snorg rages.
There is a staircase back to the Dungeon here.
Snorg bites you!
* * * LOW HITPOINT WARNING * * *
Snorg claws you but does no damage. x2
You fly upwards.
Welcome back to the Dungeon!
There is a staircase to the Orcish Mines here.
Items here: ))) [[.
Items here: )))) [[[.
There is an open door here.
Snorg rages.
Snorg is no longer moving slowly.
Snorg bites you!
* * * LOW HITPOINT WARNING * * *
Snorg claws you.
* * * LOW HITPOINT WARNING * * *
Snorg claws you!
You die...
Your body crumbles into a pile of gold.

#.......# ###'#####
##.###### #...####
#.....# ###....#
#####.### #####.##
#.......# #......###
#......#######[.......#
#.)....#8...8#.[....#..
#......#....(#......###
#.....@#.[>..#......# #
#.....T#)[)))#<.....#
######.#8[[)8#.######
#.###'###.# #.........#
###########


You could see Snorg (berserk).

Vanquished Creatures
  An orc warlord (Bailey)
  Fannar (D:10)
  Erolcha (D:12)
  A boulder beetle (D:12)
  Erica (D:11)
  5 two-headed ogres
  Urug (D:12)
  2 orc knights
  A deep elf pyromancer (D:12)
  3 ugly things (D:12)
  2 cyclopes
  2 manticores
  Maurice (D:9)
  An ice statue (D:12)
  A gargoyle (D:11)
  A kobold demonologist (D:10)
  An unseen horror (D:7)
  A komodo dragon (D:12)
  A troll (D:10)
  A shadow (D:7)
  3 wraiths
  A wyvern (D:8)
  15 yaks
  A basilisk (shapeshifter) (D:12)
  3 steam dragons
  A vampire mosquito (D:7)
  3 wargs (Orc:1)
  4 water moccasins (D:7)
  An acid dragon (D:11)
  9 orc warriors
  A black bear (D:4)
  An ice beast (D:7)
  10 ogres
  A phantom (D:5)
  8 centaurs
  6 kobold brigands
  A bullfrog (D:7)
  6 gnoll sergeants (D:10)
  2 scorpions
  2 water moccasin skeletons
  3 wyvern skeletons
  5 wights (D:8)
  6 killer bees (D:8)
  A howler monkey (D:6)
  4 centaur zombies
  3 hounds
  A jelly (D:4)
  A gnoll shaman (D:9)
  2 orc priests
  2 iguanas
  9 orc wizards
  A scorpion zombie (D:5)
  2 hound skeletons
  7 gnolls
  6 adders
  A shadow imp (D:6)
  A white imp (D:5)
  An adder skeleton (D:4)
  A worm (D:2)
  6 dart slugs
  40 orcs
  8 ball pythons
  4 bats
  12 endoplasms
  3 giant cockroaches
  12 hobgoblins
  5 jackals (D:1)
  26 kobolds
  6 quokkas
  2 frilled lizards
  17 goblins
  4 rats
310 creatures vanquished.

Vanquished Creatures (collateral kills)
  2 foxfires (D:1)
2 creatures vanquished.

Vanquished Creatures (others)
  966 foxfires
  3 fungi (D:12)
  5 toadstools (D:12)
974 creatures vanquished.

Grand Total: 1286 creatures vanquished

Notes
Turn   | Place    | Note
-------+----------+-------------------------------------------
     0 | D:1      | robertstho the Djinni Fire Elementalist began the quest for
                  | the Orb.
     0 | D:1      | Reached XP level 1. HP: 15/15 MP: 0/0
   144 | D:1      | Reached XP level 2. HP: 1/21 MP: 0/0
   866 | D:1      | Found a faded altar of an unknown god.
   915 | D:1      | Reached skill level 3 in Spellcasting
  1210 | D:1      | Reached XP level 3. HP: 21/25 MP: 0/0
  1210 | D:1      | Learned a level 1 spell: Animate Skeleton
  2417 | D:2      | Reached XP level 4. HP: 28/31 MP: 0/0
  2697 | D:2      | Reached XP level 5. HP: 18/35 MP: 0/0
  2697 | D:2      | Learned a level 2 spell: Call Imp
  3069 | D:3      | Reached skill level 4 in Spellcasting
  3993 | D:3      | Found a sacrificial altar of Ru.
  4952 | D:4      | Reached XP level 6. HP: 23/40 MP: 0/0
  5635 | D:4      | Reached skill level 5 in Spellcasting
  5818 | D:4      | Noticed a black bear
  5826 | D:4      | Killed a black bear
  5827 | D:4      | Reached XP level 7. HP: 20/46 MP: 0/0
  5827 | D:4      | Learned a level 3 spell: Ignite Poison
  6580 | D:4      | Reached skill level 1 in Fighting
  6695 | D:5      | Entered Level 5 of the Dungeon
  6847 | D:5      | Reached skill level 6 in Spellcasting
  6914 | D:5      | Reached XP level 8. HP: 47/52 MP: 0/0
  6979 | D:5      | Identified the +6 ring mail of the Six Xeniums {rElec}
  7133 | D:5      | Found a staircase to the Ecumenical Temple.
  7150 | Temple   | Entered the Ecumenical Temple
  7161 | Temple   | Became a worshipper of Gozag Ym Sagoz the Greedy
  7720 | D:6      | Found a snail-covered altar of Cheibriados.
  7960 | D:6      | Reached skill level 7 in Spellcasting
  8383 | D:7      | Reached XP level 9. HP: 33/58 MP: 0/0
  8383 | D:7      | Learned a level 3 spell: Confusing Touch
  8534 | D:7      | Reached skill level 1 in Armour
  9345 | D:7      | Noticed a cyclops
  9535 | D:7      | Killed a cyclops
  9536 | D:7      | Reached skill level 1 in Axes
  9536 | D:7      | Reached skill level 8 in Spellcasting
  9681 | D:7      | Noticed an unseen horror
  9691 | D:7      | Killed an unseen horror
  9692 | D:7      | Reached skill level 5 in Dodging
  9821 | D:7      | Reached XP level 10. HP: 27/64 MP: 0/0
 10711 | D:7      | Found Qotwyotue's Distillery.
 10812 | D:7      | Reached skill level 5 in Armour
 10864 | D:7      | Bought a potion of brilliance for 52 gold pieces
 10864 | D:7      | Bought a potion of degeneration for 13 gold pieces
 10864 | D:7      | Bought a potion of mutation for 104 gold pieces
 10864 | D:7      | Bought a potion of flight for 39 gold pieces
 10864 | D:7      | Bought a potion of berserk rage for 65 gold pieces
 10864 | D:7      | Bought 2 potions of curing for 78 gold pieces
 10864 | D:7      | Bought a potion of invisibility for 104 gold pieces
 10864 | D:7      | Bought a potion of invisibility for 104 gold pieces
 11250 | D:7      | Reached skill level 9 in Spellcasting
 11522 | D:7      | Noticed a manticore
 11528 | D:7      | Killed a manticore
 13412 | D:9      | Found a white marble altar of Elyvilon.
 13483 | D:9      | Reached XP level 11. HP: 41/70 MP: 0/0
 13483 | D:9      | Learned a level 4 spell: Animate Armour
 13662 | D:9      | Noticed a two-headed ogre
 13665 | D:9      | Killed a two-headed ogre
 13666 | D:9      | Reached skill level 10 in Spellcasting
 13681 | D:9      | Noticed Maurice
 13686 | D:9      | Killed Maurice
 13723 | D:9      | Noticed a two-headed ogre
 13727 | D:9      | Killed a two-headed ogre
 14030 | D:9      | Found a glowing golden altar of the Shining One.
 14267 | D:9      | Found a hide-covered altar of Uskayaw.
 14388 | D:10     | Entered Level 10 of the Dungeon
 14813 | D:10     | Reached skill level 11 in Spellcasting
 15204 | D:10     | Found a staircase to the Orcish Mines.
 15626 | D:10     | Found a staircase to the Lair.
 15670 | D:10     | Found a blossoming altar of Fedhas.
 15826 | D:10     | Noticed Fannar
 15829 | D:10     | Killed Fannar
 15830 | D:10     | Reached XP level 12. HP: 61/76 MP: 0/0
 16066 | D:11     | Noticed Erica
 16083 | D:11     | Killed Erica
 16388 | D:11     | Noticed an orc high priest
 16392 | D:11     | Found a transporter.
 16409 | D:11     | Found Pacas's Jewellery Boutique.
 16414 | D:11     | Noticed a deep elf knight
 16418 | D:11     | Bought an amulet of reflection for 390 gold pieces
 16660 | D:11     | Noticed a two-headed ogre
 16663 | D:11     | Killed a two-headed ogre
 17009 | D:11     | Reached skill level 12 in Spellcasting
 17281 | D:11     | Found a transporter.
 17298 | D:11     | Found a runed translucent gate.
 17298 | D:11     | Found a runed translucent gate.
 17298 | D:11     | Found a runed translucent gate.
 17786 | D:12     | Noticed a two-headed ogre
 17793 | D:12     | Killed a two-headed ogre
 17807 | D:12     | Noticed Urug
 17810 | D:12     | Killed Urug
 17832 | D:12     | Noticed a two-headed ogre
 17835 | D:12     | Killed a two-headed ogre
 17856 | D:12     | Found a flagged portal.
 17861 | Bailey   | Entered a bailey
 18203 | Bailey   | Noticed an orc warlord
 18509 | Bailey   | Found a runed translucent gate.
 18512 | Bailey   | Found a runed translucent gate.
 18513 | Bailey   | Found a runed translucent gate.
 18529 | Bailey   | Reached XP level 13. HP: 73/81 MP: 0/0
 18529 | Bailey   | Learned a level 5 spell: Metabolic Englaciation
 18700 | Bailey   | Killed an orc warlord
 18701 | Bailey   | Reached skill level 13 in Spellcasting
 18878 | Bailey   | Identified the +2 chain mail of Hopscotch {Int+6 Dex+3}
 18975 | D:12     | Noticed a boulder beetle
 18982 | D:12     | Killed a boulder beetle
 19213 | D:12     | Noticed Erolcha
 19225 | D:12     | Killed Erolcha
 19620 | D:12     | Found Tyinah's Assorted Antiques.
 19628 | D:12     | Bought a puce potion for 27 gold pieces
 19628 | D:12     | Bought a scroll labelled VOINONWOMYSM for 30 gold pieces
 19628 | D:12     | Bought 2 potions of curing for 180 gold pieces
 19628 | D:12     | Bought a potion of invisibility for 240 gold pieces
 20040 | D:12     | Bought a fading war axe for 306 gold pieces
 20040 | D:12     | Identified the +6 war axe of Jeloimn {freeze, rElec rCorr}
                  | (You bought it in a shop on level 12 of the Dungeon)
 20180 | Orc:1    | Entered Level 1 of the Orcish Mines
 20374 | Orc:1    | Noticed Snorg
 20408 | D:10     | HP: 4/81 [Snorg (10)]
 20408 | D:10     | Mangled by Snorg

Illustrated notes

Levels and vault maps discovered:
D:1:      eino_arrival_cavern_b, layout_basic,
          shapermc_ecumenical_altar_acropolis
D:2:      layout_rooms, basic_altar
D:3:      minmay_evil_eye, layout_basic, marbit_many_paths,
          minmay_misc_feat_alley, minmay_pentangle
D:4:      layout_loops_ring, minivault_19, hangedman_decor_clover_reticule
D:5:      layout_basic, minmay_temple_entry_large_hall
D:6:      layout_basic, mainiacjoe_overflow_brackets, kennysheep_slug_shrine,
          serial_glass, glass_columns_a, glass_columns_a, glass_columns_b,
          glass_columns_c, glass_columns_c, glass_columns_a, glass_columns_c,
          glass_columns_b, glass_columns_a, glass_columns_a,
          lemuel_another_geyser
D:7:      minmay_the_grid_triangle_9x9_rhombus_full
          [minmay_the_grid_triangle_9x9_swiss_cheese,
          minmay_the_grid_triangle_9x9_empty,
          minmay_the_grid_triangle_9x9_negative_grid,
          minmay_the_grid_triangle_9x9_impossible_snake,
          minmay_the_grid_triangle_9x9_empty,
          minmay_the_grid_triangle_9x9_descending_squares,
          minmay_the_grid_triangle_9x9_zippers_vertical,
          minmay_the_grid_triangle_9x9_prize_schism], layout_basic,
          serial_shops, nicolae_inconvenience_store
D:8:      layout_basic, kennysheep_small_circle
D:9:      layout_loops_ring, mainiacjoe_overflow_swirl, elyvilon_altar_3,
          minmay_misc_feat_encased, serial_park_tiny_1, uniq_maurice
D:10:     layout_roguey, fedhas_altar_1, kiku_gazebo_pond_becter,
          lair_entry_dummy, kennysheep_orc_monster_closet_entryway, uniq_fannar
D:11:     gammafunk_wand_slinger, layout_long_grid,
          ploomutoo_gammafunk_ghost_potion_laboratory, serial_shops,
          nicolae_shop_trees, uniq_erica
D:12:     minmay_statue_hallways, layout_basic, enter_bailey_3, serial_shops,
          shop, serial_bayou_pond_e, minmay_gold_behind_fungi, minmay_radiant,
          uniq_urug, uniq_erolcha
Temple:   eino_temple_water
Orc:1:    layout_caves, serial_shops, nicolae_shop_overgrown_old_shop,
          nicolae_orc_bridge_out, mines4_lemuel, uniq_nergalle, uniq_snorg

Skill      XL: |  1  2  3  4  5  6  7  8  9 10 11 12 13 |
---------------+----------------------------------------+-----
Spellcasting   | 3 4 5 6 7 8 9 11 12 13 | 13.7
Stealth        | 2 3 4 |  4.7
Dodging        | 3 4 5 |  5.6
Fighting       | 1 2 3 |  3.3
Armour         | 4 6 7 8 |  8.5
Axes           | 1 2 |  2.5
Evocations     | |  0.2

Action                   |  1- 3 |  4- 6 |  7- 9 | 10-12 | 13-15 || total
-------------------------+-------+-------+-------+-------+-------++-------
Melee: War axe           |       |    14 |    13 |    13 |     3 ||    43
 Cast: Foxfire           |   117 |   171 |   172 |   115 |     9 ||   584
       Sticky Flame      |       |     1 |    14 |    17 |     3 ||    35
       Fireball          |       |       |       |   148 |    43 ||   191
       Confusing Touch   |       |       |       |     2 |       ||     2
       Metabolic Englaci |       |       |       |       |     2 ||     2
Invok: Call Merchant     |       |       |       |       |     1 ||     1
Evoke: Wand              |       |       |       |     1 |       ||     1
  Use: Scroll            |     1 |     2 |     2 |     7 |     1 ||    13
       Potion            |       |       |     2 |     2 |     1 ||     5
Armor: Robe              |     2 |    19 |     2 |       |       ||    23
       Ring mail         |       |       |    39 |    21 |    12 ||    72
Dodge: Dodged            |     2 |    31 |    32 |    27 |    10 ||   102
Block: Other             |       |       |       |       |     2 ||     2
       Reflection        |       |       |       |       |     1 ||     1

Table legend: (Time is in decaauts)
 A = Elapsed time spent in this place.
 B = Non-inter-level travel time spent in this place.
 C = Inter-level travel time spent in this place.
 D = Time resting spent in this place.
 E = Time spent auto-exploring this place.
 F = Levels seen in this place.
 G = Mean time per level.
                   A        B        C        D        E       F      G
               +--------+--------+--------+--------+--------+-----+--------+
         Total |  20417 |  19818 |    599 |   1323 |  16382 |  15 | 1361.1 |
       Dungeon |  19152 |  18564 |    588 |   1081 |  15632 |  12 | 1596.0 |
        Temple |     22 |     11 |     11 |      0 |      8 |   1 |   22.0 |
  Orcish Mines |    217 |    217 |      0 |      0 |    168 |   1 |  217.0 |
        Bailey |   1024 |   1024 |      0 |    242 |    574 |   1 | 1024.0 |
               +--------+--------+--------+--------+--------+-----+--------+

Top non-repeatable levels by time:
     D:7: 3397 daAuts
     D:4: 1882 daAuts
     D:3: 1830 daAuts
     D:1: 1798 daAuts
    D:10: 1673 daAuts
    D:11: 1597 daAuts
    D:12: 1519 daAuts
     D:8: 1366 daAuts
     D:9: 1268 daAuts
     D:2: 1192 daAuts
  Bailey: 1024 daAuts
     D:5: 952 daAuts
     D:6: 672 daAuts
   Orc:1: 217 daAuts
  Temple: 22 daAuts
